 Dungeon Crawl Stone Soup version 0.23.2-33-g5129a83184 (webtiles) character file.

Game seed: 14170774051484394041

2720 MalarOregon the Digger (level 9, 0/75 HPs)
             Began as a Ghoul Earth Elementalist on July 14, 2019.
             Was an Initiate of Yredelemnul.
             Slain by a hippogriff (2 damage)
             ... on level 8 of the Dungeon.
             The game lasted 00:21:59 (8912 turns).

MalarOregon the Digger (Ghoul Earth Elementalist)   Turns: 8912, Time: 00:21:59

Health: 0/75       AC:  3    Str: 16    XL:     9   Next: 66%
Magic:  1/13       EV: 13    Int: 18    God:    Yredelemnul [......]
Gold:   96         SH:  0    Dex:  9    Spells: 6/14 levels left

rFire    . . .     SeeInvis .   q - +3 dagger (elec)
rCold    + . .     Gourm    .   (no shield)
rNeg     + + +     Faith    .   c - +0 robe
rPois    ∞         Spirit   .   (no helmet)
rElec    .         Reflect  .   F - +0 cloak
rCorr    .         Harm     .   (no gloves)
MR       +....                  (no boots)
Stlth    ++........             (no amulet)
HPRegen  0.00/turn              x - +5 ring of intelligence
MPRegen  0.13/turn              f - ring of Husumn {MR+ Str+4}

@: rotting, very slow
A: rotting body, claws 1, carnivore, cold resistance 1, negative energy
resistance 3, inhibited regeneration, torment resistance, unbreathing
a: Renounce Religion


You were on level 8 of the Dungeon.
You worshipped Yredelemnul.
Yredelemnul was noncommittal.
You were not hungry.

You visited 2 branches of the dungeon, and saw 9 of its levels.

You collected 517 gold pieces.
You spent 421 gold pieces at shops.

Inventory:

Hand Weapons
 q - a +3 dagger of electrocution (weapon)
   (You found it on level 2 of the Dungeon)
 A - a +1 war axe of flaming
   (You took it off an orc on level 3 of the Dungeon)
 H - a +3 whip
   (You took it off a gnoll on level 3 of the Dungeon)
Missiles
 b - 158 stones (quivered)
 i - 58 arrows
 y - 2 throwing nets {!f}
Armour
 c - a +0 robe (worn)
 F - a +0 cloak (worn)
   (You found it on level 6 of the Dungeon)
Jewellery
 f - the ring of Husumn (right claw) {MR+ Str+4}
   (You found it on level 6 of the Dungeon)

   [ring of strength]

   It affects your strength (+4).
   It affects your resistance to hostile enchantments.
 l - an uncursed ring of ice
   (You found it on level 1 of the Dungeon)
 p - an uncursed ring of magical power
   (You found it on level 2 of the Dungeon)
 x - a +5 ring of intelligence (left claw)
   (You found it on level 6 of the Dungeon)
Wands
 d - a wand of iceblast (6)
   (You found it on level 5 of the Dungeon)
 t - a wand of flame (15)
   (You found it on level 5 of the Dungeon)
 u - a wand of paralysis (10)
   (You bought it in a shop on level 7 of the Dungeon)
 v - a wand of polymorph (7)
   (You found it on level 4 of the Dungeon)
 G - a wand of clouds (5)
   (You bought it in a shop on level 7 of the Dungeon)
Scrolls
 a - a scroll of magic mapping
 g - 6 scrolls of remove curse {@r2}
 h - 3 scrolls of enchant weapon
 j - 3 scrolls of teleportation {@r4}
 n - a scroll of fog
 o - 3 scrolls of immolation {!r}
 z - 2 scrolls of fear {unknown}
 B - 2 scrolls of identify {@r1}
Potions
 k - a potion of cancellation
 m - 4 potions of flight
 r - 2 potions of curing {@q1}
 s - a potion of brilliance
 w - a potion of agility
 C - a potion of haste {@q3}
 D - a potion of lignification {unknown}
 E - a potion of mutation {unknown}
Comestibles
 e - 22 rations {!d}


   Skills:
 + Level 5.8 Fighting
 - Level 4.0 Dodging
 - Level 5.1 Stealth
 - Level 3.4 Spellcasting
 - Level 3.0 Conjurations
 - Level 4.0 Transmutations
 + Level 5.8 Earth Magic
 - Level 4.0 Invocations
 - Level 4.0 Evocations


You had 6 spell levels left.
You knew the following spells:

 Your Spells              Type           Power        Failure   Level  Hunger
a - Sandblast             Erth           ###...       1%          1    None
q - Passwall              Tmut/Erth      ###.....     3%          2    ##.....
s - Sticks to Snakes      Tmut           ###.....     4%          2    ##.....
x - Stone Arrow           Conj/Erth      ###...       8%          3    ###....

Your spell library contained the following spells:

 Spells                   Type           Power        Failure   Level  Hunger
 Shock                    Conj/Air       #...         9%          1    None
 Petrify                  Tmut/Erth      ###.....     21%         4    ####...
 Swiftness                Chrm/Air       #.......     24%         2    ##.....
 Static Discharge         Conj/Air       #.......     26%         3    ###....
 Lee's Rapid Deconstruct  Erth           ###.......   36%         5    ######.
 Airstrike                Air            #.........   83%         4    ####...
 Lightning Bolt           Conj/Air       #.........   93%         5    ######.
 Beastly Appendage        Tmut           Unusable     N/A         1    N/A
 Spider Form              Tmut/Pois      Unusable     N/A         3    N/A
 Ice Form                 Ice/Tmut       Unusable     N/A         4    N/A
 Blade Hands              Tmut           Unusable     N/A         5    N/A

Dungeon Overview and Level Annotations

Branches:
Dungeon (8/15)             Temple (1/1) D:7
   Lair: D:8-11

Altars:
Ashenzari
Cheibriados
Dithmenos
Elyvilon
Fedhas
Gozag
Kikubaaqudgha
Makhleb
Nemelex Xobeh
Okawaru
Ru
Sif Muna
Uskayaw
Vehumet
Wu Jian
Xom
Yredelemnul
Zin
The Shining One

Shops:
D:4 *   D:7 *


Innate Abilities, Weirdness & Mutations

Your body is rotting away.
You thrive on raw meat.
You are immune to poison.
You have sharp fingernails.
You are carnivorous and can eat meat at any time.
Your flesh is cold resistant. (rC+)
You are immune to negative energy. (rN+++)
You do not regenerate when monsters are visible.
You are immune to unholy pain and torment.
You can survive without breathing.


Message History

The hippogriff barely misses you. The hippogriff closely misses you.
The hippogriff misses you.
Eat one of 4 chunks of flesh? (ye/n/q)
You eat one of the 4 chunks of flesh.
This raw flesh tastes great!
The hippogriff bites you!
* * * LOW HITPOINT WARNING * * *
The hippogriff pecks you but does no damage.
The hippogriff barely misses you.
Eat one of 3 chunks of flesh? (ye/n/q)
You eat one of the 3 chunks of flesh.
This raw flesh tastes great!
The hippogriff barely misses you. The hippogriff pecks you.
* * * LOW HITPOINT WARNING * * *
The hippogriff claws you but does no damage.
Eat one of 2 chunks of flesh? (ye/n/q)
You eat one of the 2 chunks of flesh.
This raw flesh tastes great!
The hippogriff closely misses you. The hippogriff barely misses you.
The hippogriff completely misses you.
Eat a chunk of flesh? (ye/n/q)
You eat the chunk of flesh.
This raw flesh tastes great!
The hippogriff bites you.
The hippogriff pecks you but does no damage.
The hippogriff claws you.
* * * LOW HITPOINT WARNING * * *
You don't have enough magic to cast that spell.
You create a snake!
You now have 58 arrows.
The hippogriff bites you.
* * * LOW HITPOINT WARNING * * *
The hippogriff pecks you.
* * * LOW HITPOINT WARNING * * *
The hippogriff claws you but does no damage.
You closely miss the hippogriff. The hippogriff misses you.
The hippogriff barely misses you. The hippogriff claws you.
* * * LOW HITPOINT WARNING * * *
Your ball python barely misses the hippogriff.
You barely miss the hippogriff. The hippogriff bites you!
* * * LOW HITPOINT WARNING * * *
The hippogriff pecks you.
* * * LOW HITPOINT WARNING * * *
The hippogriff claws you!
* * * LOW HITPOINT WARNING * * *
Your ball python barely misses the hippogriff.
Your ball python bites the hippogriff.
Your magical contamination has completely faded away.
Here: a hippogriff (heavily wounded)
The floor.
You enter the shallow water.
Moving in this stuff is going to be slow.
The hippogriff bites you but does no damage.
The hippogriff pecks you.
You die...
Yredelemnul claims you as an undead slave.

.....##)##..≈.≈≈.≈##
.....#.....♣≈.≈.≈≈.#
.....<..#..P.≈≈≈≈≈.#
............≈♣≈≈.≈.##
.........##.P≈≈≈≈≈P.#
.........).♣÷P≈≈≈...##
.........#.).≈≈♣.≈#..#
.........##.♣≈≈≈≈≈♣#.#
...#..#.####..≈≈@P...#
.#.#.##..# #..P.♣H..##
.# #. #... #######S.#
#. #...########.##
...#........S...#
#.......########
.##.....## ........#
...?.....#


You could see a hippogriff and a friendly ball python.

Vanquished Creatures
  The ghost of Sysandra the Grasshopper, a novice OpWr of Uskayaw (D:6)
  A water moccasin (D:4)
  A phantom (D:7)
  An orc warrior (D:8)
  An ice beast (D:7)
  3 centaurs
  7 ogres
  2 bullfrogs
  2 scorpions (D:4)
  2 electric eels (D:8)
  3 crimson imps
  2 orc priests
  3 iguanas
  5 orc wizards
  2 bullfrog skeletons
  5 worker ants
  A killer bee zombie (D:7)
  A hound zombie (D:5)
  A hound skeleton (D:4)
  5 adders
  10 gnolls
  A howler monkey skeleton (D:7)
  A shadow imp (D:5)
  2 oozes (D:1)
  2 adder skeletons
  2 worms
  A dart slug (D:2)
  2 leopard geckos
  17 orcs
  4 giant cockroaches
  13 goblins
  12 hobgoblins
  17 jackals
  A quokka (D:7)
  A ball python (D:3)
  4 bats
  3 frilled lizards
  8 kobolds
  2 quokka skeletons
  3 rats
155 creatures vanquished.

Vanquished Creatures (collateral kills)
  A necrophage (D:6)
  An orc (D:6)
2 creatures vanquished.

Vanquished Creatures (others)
  A goblin (D:2)
  A hobgoblin (D:2)
  A bat (D:2)
3 creatures vanquished.

Grand Total: 160 creatures vanquished

Notes
Turn   | Place    | Note
-------+----------+-------------------------------------------
     0 | D:1      | MalarOregon the Ghoul Earth Elementalist began the quest
                  | for the Orb.
     0 | D:1      | Reached XP level 1. HP: 14/14 MP: 2/2
   171 | D:1      | Reached skill level 1 in Fighting
   171 | D:1      | Reached XP level 2. HP: 18/23 MP: 0/3
   852 | D:2      | Learned a level 2 spell: Passwall
   885 | D:2      | Reached XP level 3. HP: 21/29 MP: 4/4
   899 | D:2      | Found a white marble altar of Elyvilon.
  1470 | D:2      | Found a deep blue altar of Sif Muna.
  1558 | D:2      | Reached XP level 4. HP: 25/37 MP: 5/5
  1563 | D:2      | Learned a level 3 spell: Stone Arrow
  1904 | D:3      | Found a faded altar of an unknown god.
  2179 | D:3      | Reached XP level 5. HP: 28/45 MP: 2/6
  2358 | D:3      | Reached skill level 5 in Earth Magic
  2533 | D:3      | Found an iron altar of Okawaru.
  3050 | D:4      | Reached skill level 5 in Fighting
  3050 | D:4      | Reached XP level 6. HP: 46/55 MP: 7/7
  3435 | D:4      | Reached skill level 1 in Transmutations
  3707 | D:4      | Learned a level 2 spell: Sticks to Snakes
  4145 | D:4      | Reached skill level 1 in Conjurations
  4157 | D:4      | Found Hiapy's Serpentskin Sales.
  4157 | D:4      | Noticed a water moccasin
  4163 | D:4      | Killed a water moccasin
  4163 | D:4      | Reached XP level 7. HP: 44/60 MP: 2/8
  4429 | D:4      | Found a glowing golden altar of the Shining One.
  4481 | D:4      | Found a basalt altar of Yredelemnul.
  4628 | D:5      | Entered Level 5 of the Dungeon
  4640 | D:5      | You fall through a shaft for 2 floors!
  4745 | D:7      | Found Foucesche's Assorted Antiques.
  5433 | D:6      | Reached XP level 8. HP: 18/68 MP: 0/10
  5780 | D:5      | Noticed a +0 hand axe
  5780 | D:5      | Noticed a +0 hand axe
  5781 | D:5      | Found a hide-covered altar of Uskayaw.
  5786 | D:5      | Reached skill level 1 in Evocations
  6327 | D:5      | Found a sacrificial altar of Ru.
  6866 | D:6      | Found an opulent altar of Gozag.
  7092 | D:6      | Got a translucent granite ring
  7094 | D:6      | Identified the ring of Husumn {MR+ Str+4} (You found it on
                  | level 6 of the Dungeon)
  7173 | D:6      | Noticed Sysandra's ghost (novice OpWr)
  7177 | D:6      | Found a transporter.
  7334 | D:6      | Found a blossoming altar of Fedhas.
  7365 | D:6      | Found a transporter.
  7392 | D:6      | Killed Sysandra's ghost
  7392 | D:6      | Reached XP level 9. HP: 48/74 MP: 2/13
  7524 | D:6      | Reached skill level 5 in Stealth
  7633 | D:7      | Found a shimmering altar of Xom.
  7709 | D:4      | Became a worshipper of Yredelemnul the Dark
  7910 | D:7      | Found a staircase to the Ecumenical Temple.
  7920 | Temple   | Entered the Ecumenical Temple
  8251 | D:7      | Bought a scroll labeled TIRGHEWOMPE for 33 gold pieces
  8251 | D:7      | Bought a scroll of identify for 66 gold pieces
  8251 | D:7      | Bought a viscous inky potion for 29 gold pieces
  8251 | D:7      | Bought a purple potion for 29 gold pieces
  8251 | D:7      | Bought a sharpened ivory wand for 132 gold pieces
  8251 | D:7      | Bought a wooden wand for 132 gold pieces
  8337 | D:7      | Found an ancient bone altar of Kikubaaqudgha.
  8906 | D:8      | HP: 2/75 [hippogriff (9)]
  8912 | D:8      | Slain by a hippogriff

Skill      XL: |  1  2  3  4  5  6  7  8  9 |
---------------+----------------------------+-----
Fighting       | 1 2 3 5 |  5.8
Earth Magic    | 4 5 |  5.8
Dodging        | 2 3 4 |  4.0
Transmutations | 2 3 4 |  4.0
Conjurations   | 1 2 3 |  3.0
Spellcasting   | 2 3 |  3.4
Stealth        | 4 5 |  5.1
Evocations     | 3 4 |  4.0
Invocations    | 4 |  4.0

Action                   |  1- 3 |  4- 6 |  7- 9 || total
-------------------------+-------+-------+-------++-------
Melee: Unarmed           |    86 |       |       ||    86
       Dagger            |    18 |   143 |   203 ||   364
 Cast: Sandblast         |    12 |    28 |    90 ||   130
       Stone Arrow       |       |       |     6 ||     6
       Sticks to Snakes  |       |       |    18 ||    18
  Use: Scroll            |       |       |    15 ||    15
 Stab: Sleeping          |     3 |     4 |     5 ||    12
  Eat: Chunk             |     9 |    16 |    42 ||    67
       Ration            |       |     1 |       ||     1
Armor: Robe              |    23 |    23 |    24 ||    70
Dodge: Dodged            |    89 |   108 |   165 ||   362
